← All builds
Front / Armada / Economy first / OBSERVED BUILD

Standard front

Standard economy-first Front play: Bot Lab and Vehicle Plant almost immediately, Advanced Metal Extractor around 9 minutes, with a mixed T1 army of Blitz, Rocketeer, Pawn and Janus sent to hold the wider gap and then middle.

#eco · 935 distinct matches · 127 players · 75% of Armada Front games · team won 63% of 1063 · Recently observed

HOW TO PLAY IT

Key timing: Vehicle Plant by 0:47

  1. Open 3 mex then Bot Lab and Vehicle Plant almost together.
  2. Layer wind while both labs start producing.
  3. Send early units to coast first to stop leaks, not middle.
  4. Add Construction Turrets as "Blitz", "Rocketeer", "Janus" mix builds up.
  5. Transition into Advanced Metal Extractor once T2 con is out.

Phase by phase

TYPICAL OF ITS 935 GAMES
  1. 1
  2. 2
  3. 3
PLAY THE OPENING

Follow the example game's first 6:00 step by step: what to build now, what comes next, and where it goes. At 1× it keeps pace with your own game.

  1. 1

    Up to the Bot Lab

    Economy
    • Metal Extractor2Mex
    • Wind Turbine1Wind
    Order
    1. Bot LabBot Lab after 3 mex, 1 winddone ~0:45, middle half 0:35–8:30

    Some games also: Vehicle Plant (41%)

    By 0:28 in all: 2 mex · 1 wind

    The example game in this phase · 1 step
    1. Mex ×3
  2. 2

    Bot Lab to 5:00

    Economy
    • Metal Extractor4Mex
    • Wind Turbine3Wind
    Army
    • Sentry1 Sentry

    Some games also: rocketeer (46%) · con bot (45%) · Lazarus (44%) · tick (40%) · centurion (37%)

    By 5:00 in all: 6 mex · 7 wind

    The example game in this phase · 41 steps
    1. Vehicle PlantVehicle Plantdone 0:51 · typical 0:47
    2. RoverScout
    3. Wind
    4. RoverScout ×3
    5. Construction VehicleCon vehicle ×2
    6. ShellshockerArty
    7. RoverScout ×3
    8. Construction VehicleCon vehicle ×2
    9. Wind
    10. Construction VehicleCon vehicle
    11. Mex
    12. BlitzBlitz
    13. Wind
    14. BlitzBlitz
    15. JanusJanus
    16. Mex
    17. Wind
    18. JanusJanus
    19. ShellshockerArty
    20. Wind
    21. JanusJanus
    22. Mex
    23. Wind
    24. ShellshockerArty
    25. SentrySentry
    26. ShellshockerArty
    27. SentrySentry
    28. Wind
    29. SentrySentry
    30. ShellshockerArty
    31. SentrySentry
    32. JanusJanus
    33. Wind
    34. JanusJanus
    35. Wind
    36. ShellshockerArty
    37. BlitzBlitz
    38. Wind
    39. SentrySentry
    40. BlitzBlitz ×2
    41. SentrySentry
  3. 3

    5:00 to 10:00

    Economy
    • Metal Extractor1Mex
    • Wind Turbine14Wind
    Builders
    • Construction Turret2 Con turret
    Army
    • Sentry1 Sentry

    Some games also: energy storage (46%) · blitz (39%) · rocketeer (39%) · pawn (36%) · Lazarus (35%)

    By 10:00 in all: 7 mex · 25 wind · 1 energy storage · 3 con turret

    The example game in this phase · 123 steps
    1. BlitzBlitz
    2. Wind
    3. SentrySentry
    4. BlitzBlitz ×3
    5. Wind
    6. BlitzBlitz ×2
    7. SentrySentry
    8. BlitzBlitz ×2
    9. Con turret
    10. BlitzBlitz ×6
    11. SentrySentry
    12. BlitzBlitz ×3
    13. Wind
    14. BlitzBlitz
    15. Wind
    16. BlitzBlitz ×2
    17. Wind
    18. BlitzBlitz
    19. Wind
    20. BlitzBlitz
    21. Wind
    22. BlitzBlitz ×2
    23. Wind
    24. SentrySentry
    25. BlitzBlitz ×2
    26. Wind
    27. Radar TowerRadar Tower
    28. BlitzBlitz
    29. SentrySentry
    30. Wind
    31. BlitzBlitz ×3
    32. SentrySentry
    33. BlitzBlitz
    34. Wind
    35. BlitzBlitz
    36. Advanced Metal ExtractorT2 mexdone 9:31 · typical 8:52
    37. Wind
    38. SentrySentry
    39. Wind
    40. SentrySentry
    41. Sneaky PeteSneaky Pete
    42. Advanced Metal ExtractorT2 mex
    43. Wind ×2
    44. NettleNettle
    45. Wind
    46. Advanced Metal ExtractorT2 mex
    47. Wind
    48. NettleNettle
    49. Wind ×2
    50. Advanced Metal ExtractorT2 mex
    51. Radar TowerRadar Tower
    52. Con turret
    53. AnemoneAnemone
    54. Con turret
    55. AnemoneAnemone
    56. Con turret
    57. Advanced solar
    58. Con turret
    59. Energy storage
    60. Advanced Metal ExtractorT2 mex
    61. Con turret ×2
    62. Vehicle PlantVehicle Plantdone 12:22
    63. Advanced solar
    64. SentrySentry
    65. AnemoneAnemone
    66. SentrySentry
    67. BlitzBlitz
    68. Advanced solar
    69. BlitzBlitz ×2
    70. SentrySentry
    71. Advanced solar
    72. BlitzBlitz ×2
    73. SentrySentry
    74. BlitzBlitz
    75. SentrySentry
    76. Advanced Metal ExtractorT2 mex
    77. BlitzBlitz ×2
    78. SentrySentry
    79. BlitzBlitz ×8
    80. RattlesnakeRattlesnakenot finished by 15:00
    81. BlitzBlitz ×3
    82. Fortification WallFortification Wall
    83. BlitzBlitz
    84. Wind
    85. Fortification WallFortification Wall
    86. BlitzBlitz
    87. Wind
    88. BlitzBlitz
    89. Fortification WallFortification Wall
    90. Wind
    91. Fortification WallFortification Wall ×3
    92. BlitzBlitz
    93. Wind
    94. Fortification WallFortification Wall
    95. BlitzBlitz
    96. Wind
    97. Fortification WallFortification Wall
    98. BlitzBlitz
    99. Wind
    100. BlitzBlitz ×2
    101. Wind
    102. BlitzBlitz
    103. Wind
    104. BlitzBlitz ×2
    105. Wind
    106. BlitzBlitz
    107. Wind
    108. BlitzBlitz
    109. Wind
    110. RattlesnakeRattlesnake
    111. BlitzBlitz
    112. Wind
    113. BlitzBlitz ×2
    114. Wind
    115. Fortification WallFortification Wall ×2
    116. Wind
    117. BlitzBlitz
    118. Wind ×2
    119. BlitzBlitz
    120. Wind
    121. BlitzBlitz
    122. Wind
    123. BlitzBlitz

Counts are medians over the build's games: half of them build more, half fewer. The example game is IMBALANCED's (42 OS, 05/09/2026); pick another.

Team trades

IN AT LEAST 30% OF ITS GAMES

You hand over

Nothing regular.

You get

  • Tidal Generator4 Tidal from Pondfirst at 0:18 · in 68% of games
  • Advanced Construction Bot1 T2 con bot from Geo or Techfirst at 7:17 · in 67% of games

How it plays out

Typical game of this build, running totals by minute

Metal produced

010k20k30k
0:005:0010:0015:00

metal

Enemy metal destroyed

05k10k
0:005:0010:0015:00

metal

Own metal lost

05k10k
0:005:0010:0015:00

metal

1063 games.

Show as table
ByMetal produced: This buildEnemy metal destroyed: This buildOwn metal lost: This build
1:0033300
2:008462131
3:001624140105
4:002712540333
5:0038681188813
6:00507620991526
7:00631429842459
8:00766238713365
9:00908746324312
10:001066653085060
11:001260858195701
12:001481563136521
13:001744069817256
14:002018375848093
15:002263083948939
WHAT THE NUMBERS SAY

Standard Front play wins more often than suicide front and produces more metal by 15:00, reflecting its safer positioning.

  • + Metal produced reaches 22219 by 15:00, above suicide front's 19882
  • + Own losses of 8949 stay under enemy metal destroyed's near-equal 8347
  • − First unit lost by 1:44 shows exposure even from the safer side
  • − Wider gap to defend demands disciplined coast-then-mid unit movement
THE EXAMPLE YOU ARE READING

IMBALANCED

42.0 OS · 05/09/2026

Open source match ↗

10 received units · includes a constructor
63 metal received · 27304 energy received

Allied construction assistance is unknown. Timings are observations, not a promise of solo reproducibility.

Typical milestones

Bot Lab0:45Middle 50%: 0:35–8:30 · n=670
Vehicle Plant0:47Middle 50%: 0:37–0:59 · n=753
Advanced Metal Extractor8:52Middle 50%: 8:00–10:03 · n=845

Played most by

Hummell91games of this buildhaaven82games of this buildLeohvm79games of this buildXad62games of this buildImmort36games of this build